AoeStats
← ERA AI

Highland

504713727Analyzed
4v4 RM · 27d ago on Sep 6, 2026· 41m 30s· 8 players
Game mode
Random Map
Map size
Large (8 player)
Population
200
Speed
Normal
Resources
Standard
Victory
Conquest
Starting age
Dark Age
Ending age
Imperial Age
RankedLock teamsTeams togetherTeam positionsShared explorationLock speedFull tech treeHidden civsTurbo modeCheats
Victory
Defeat
🇳🇱 Wei · Netherlands
1016
+14
🇳🇱 Gurjaras · Netherlands
987
+15
🇳🇱 Britons · Netherlands
979
+15
🇳🇱 Franks · Netherlands
979
+15
🇨🇳 Spanish · China
977
-15
🇩🇪 Britons · Germany
973
-16
🇧🇪 Japanese · Belgium
944
-14
🇩🇪 Malay · Germany
943
-14
Hoodie Melo
8:50 Loom
11:10 Feudal Age
15:09 Castle Age
13:11 Double-Bit Axe
13:27 Horse Collar
16:07 Bow Saw
16:45 Heavy Plow
21:32 Town Watch
22:57 Stone Mining
24:51 Wheelbarrow
24:14 Gold Mining
25:57 Gold Shaft Mining
25:53 Hand Cart
26:11 Fletching
26:21 Padded Archer Armor
26:55 Bodkin Arrow
28:16 Leather Archer Armor
28:24 Ballistics
31:15 Imperial Age
30:48 Yeomen
31:21 Elite Longbowman
32:24 Conscription
33:09 Two-Man Saw
32:12 Bracer
33:26 Chemistry
36:09 Warwolf
EvilWouter
1:25 Loom
14:11 Feudal Age
15:20 Horse Collar
17:47 Double-Bit Axe
22:22 Castle Age
23:39 Wheelbarrow
23:08 Pikeman
23:37 Gambesons
24:38 Heavy Plow
24:32 Stone Mining
24:57 Squires
26:19 Scale Mail Armor
26:29 Forging
27:12 Bow Saw
30:22 Chain Mail Armor
35:08 Iron Casting
34:23 Fletching
34:23 Arson
33:59 Man-at-Arms
35:31 Fortified Wall
35:50 Town Watch
39:52 Gold Mining
AJ老师
0:29 Loom
11:50 Feudal Age
13:33 Fishing Lines
18:03 Castle Age
19:14 Double-Bit Axe
28:47 Imperial Age
26:34 Bow Saw
28:07 Gold Mining
30:28 Chemistry
30:09 Wheelbarrow
33:27 Elite Cannon Galleon
34:30 Shipwright
34:22 Careening
34:26 Clinker Construction
34:39 Ballistics
35:04 Gillnets
35:57 Hand Cart
39:14 Two-Man Saw
38:05 Town Watch
Tarjarn
8:46 Loom
12:03 Feudal Age
11:38 Double-Bit Axe
12:20 Horse Collar
20:07 Castle Age
21:18 Pikeman
33:19 Fletching
34:53 Husbandry
burg_olaf
4:12 Loom
11:20 Feudal Age
15:24 Castle Age
14:52 Forging
14:33 Double-Bit Axe
16:11 Horse Collar
22:24 Town Watch
23:39 Town Patrol
25:46 Husbandry
26:00 Bloodlines
26:23 Bow Saw
26:47 Heavy Plow
28:00 Wheelbarrow
28:03 Forging
28:36 Scale Barding Armor
30:26 Iron Casting
30:31 Hand Cart
30:18 Husbandry
34:51 Chain Barding Armor
37:57 Imperial Age
38:22 Heavy Hei Guang Cavalry
40:36 Blast Furnace
41:55 Murder Holes
42:21 Ballistics
42:12 Fortified Wall
42:12 Masonry
41:29 Light Cavalry
ERA AI
10:43 Loom
12:52 Feudal Age
17:06 Castle Age
16:03 Double-Bit Axe
18:10 Fletching
18:29 Husbandry
18:38 Scale Barding Armor
22:41 Forging
25:34 Iron Casting
25:20 Chain Barding Armor
27:36 Bodkin Arrow
37:35 Imperial Age
41:02 #83
Wardfire
10:32 Feudal Age
14:40 Loom
17:30 Castle Age
17:20 Horse Collar
17:31 Double-Bit Axe
20:33 Wheelbarrow
19:46 Town Watch
22:20 Hand Cart
26:18 Heavy Plow
26:32 Bow Saw
27:45 Husbandry
27:57 Bloodlines
27:50 Gold Mining
27:50 Stone Mining
29:48 Gold Shaft Mining
29:48 Stone Shaft Mining
29:57 Fortified Wall
29:29 Treadmill Crane
30:04 Masonry
31:36 Kshatriyas
34:31 Imperial Age
32:55 Town Patrol
34:02 Ballistics
33:36 Heated Shot
34:49 Medium Warships
36:13 Heavy Warships
36:22 Heavy Camel Rider
37:59 Forging
37:54 Scale Barding Armor
37:24 Heavy Camel Rider
38:56 Conscription
38:57 Frontier Guards
40:13 Iron Casting
39:59 Chain Barding Armor
39:24 Siege Elephant
fabberlaan
12:49 Feudal Age
14:10 Double-Bit Axe
15:56 Fletching
20:16 Castle Age
19:06 Padded Archer Armor
20:20 Crossbowman
21:00 Bodkin Arrow
23:00 Pikeman
24:38 Forging
24:49 Medium Warships
25:56 Scale Mail Armor
31:47 Ballistics
37:32 Imperial Age
39:44 Iron Casting
39:25 Chain Mail Armor
40:34 Arbalester
41:32 Leather Archer Armor
Connection lost

Rejoining the realm…

Still unreachable

The connection could not be restored.

Session expired

The server has moved on; the page needs a fresh start.